 Dungeon Crawl Stone Soup version 0.28-a0-1565-g95a8017c83 (webtiles) character file.

Game seed: 16499418819556758191

223 wilfster70 the Poker (level 5, -1/63 HPs)
             Began as a Demonspawn Berserker on Jan 19, 2022.
             Was a Believer of Trog.
             Slain by a kobold brigand (3 damage)
             ... on level 3 of the Dungeon.
             The game lasted 00:07:50 (3671 turns).

wilfster70 the Poker (Demonspawn Berserker)         Turns: 3671, Time: 00:07:50

Health: -1/63      AC:  9    Str: 19    XL:     5   Next: 66%
Magic:  5/5        EV: 15    Int:  9    God:    Trog [**....]
Gold:   176        SH:  0    Dex: 12    Spells: 4/4 levels left

rFire   . . .      SeeInvis .   a - +1 spear (venom)
rCold   . . .      Faith    .   (no shield)
rNeg    . . .      Spirit   .   f - +0 ring mail
rPois   .          Reflect  .   (helmet restricted)
rElec   .          Harm     .   q - +0 cloak
rCorr   .          Rampage  .   (no gloves)
Will    ++...                   j - +0 pair of boots
Stlth   ..........              (no amulet)
HPRegen 1.20/turn               l - +4 ring of evasion
MPRegen 0.09/turn               (no ring)

@: berserking, lethally poisoned (-1 -> -1), strong-willed (expiring),
regenerating (expiring), slowed
A: antennae 1, icy blue scales 1, foul stench 1
a: Renounce Religion, Berserk, Trog's Hand


You were on level 3 of the Dungeon.
You worshipped Trog.
Trog was pleased with you.
You visited 1 branch of the dungeon, and saw 3 of its levels.

You collected 176 gold pieces.

Inventory:

Hand Weapons
 a - a +1 spear of venom (weapon)
 h - a +0 hunting sling
Missiles
 g - 218 stones (quivered)
 o - 2 poisoned darts
 p - 5 javelins
Armour
 f - a +0 ring mail (worn)
 j - a +0 pair of boots (worn)
 q - a +0 cloak (worn)
Jewellery
 k - an amulet of the acrobat
 l - a +4 ring of evasion (left hand)
Scrolls
 d - a scroll of teleportation {unknown}
 e - a scroll of fog {unknown}
 n - 2 scrolls of identify {unknown}
Potions
 b - a potion of mutation {unknown}
 c - a potion of magic {unknown}
 i - a potion of attraction {unknown}
 m - a potion of curing {unknown}


   Skills:
 + Level 4.0 Fighting
 * Level 4.6 Polearms
 + Level 3.0 Armour
 - Level 1.7 Dodging


You had 4 spell levels left.
You didn't know any spells.
Your spell library was empty.

Dungeon Overview and Level Annotations

Branches:
Dungeon (3/15)

Altars:
Elyvilon
Makhleb
Okawaru
Qazlal


Innate Abilities, Weirdness & Mutations

You have a pair of small antennae on your head.
You are partially covered in icy blue scales. (AC +2)
You may rarely emit foul miasma when damaged in melee.


Message History

You completely miss the kobold.
The kobold brigand shouts!
The kobold completely misses you.
A kobold brigand comes into view.
It is wielding a +0 dagger and quivering curare-tipped darts.
You closely miss the kobold.
The kobold brigand shouts!
The kobold misses you. The kobold hits you but does no damage.
The gnoll closely misses you.
The kobold brigand throws a curare-tipped dart.
The curare-tipped dart hits you.
You are poisoned.
You have difficulty breathing.
You feel yourself slow down.
You feel very sick. The kobold closely misses you.
The kobold hits you but does no damage.
Your skin crawls.
You feel strong-willed.
You feel the effects of Trog's Hand fading.
You feel very sick. The kobold misses you.
The gnoll hits you from afar with a +0 spear.
* * * LOW HITPOINT WARNING * * *
The kobold barely misses you. x2; The gnoll barely misses you.
A red film seems to cover your vision as you go berserk!
You feel yourself moving faster!
You feel mighty!
You feel very sick. The kobold closely misses you. The gnoll barely misses you.
The kobold brigand completely misses you.
The kobold barely misses you.
You barely miss the kobold brigand.
You feel sick. The kobold closely misses you.
The gnoll hits you but does no damage.
The kobold brigand hits you but does no damage.
The kobold brigand hits you with a +0 dagger.
* * * LOW HITPOINT WARNING * * *
You hit the kobold brigand.
The kobold brigand is poisoned.
The kobold brigand is lightly wounded.
You feel sick.
The kobold hits you but does no damage. x2
The gnoll hits you but does no damage.
The kobold brigand hits you but does no damage.
The kobold brigand hits you with a +0 dagger.
You die...

#####################
.....#..............#
...).'..........KK..#
######..........@Kg.##+#
.........########K.....#
.........# #).)...#
.........########..)...#
######..........))..##'#
....)'...........÷..# .#≈≈≈≈≈≈≈≈
....)#..............# #≈≈≈≈≈≈≈≈
##################### #≈≈≈≈≈≈≈≈
≈≈≈≈≈≈≈≈≈≈≈≈≈≈≈≈≈≈≈≈#####≈≈≈≈≈≈≈≈


You could see 2 kobold brigands, a gnoll and 2 kobolds.

Vanquished Creatures
  Robin (D:2)
  6 gnolls
  5 adders
  3 dart slugs (D:1)
  5 bats
  3 endoplasms (D:1)
  A giant cockroach (D:2)
  15 goblins
  8 hobgoblins
  4 jackals (D:1)
  3 ball pythons
  3 frilled lizards (D:1)
  41 kobolds
  4 rats
102 creatures vanquished.

Vanquished Creatures (others)
  A plant (D:1)
1 creature vanquished.

Grand Total: 103 creatures vanquished

Notes
Turn   | Place    | Note
-------+----------+-------------------------------------------
     0 | D:1      | wilfster70 the Demonspawn Berserker began the quest for the
                  | Orb.
     0 | D:1      | Reached XP level 1. HP: 18/18 MP: 1/1
   458 | D:1      | Gained mutation: You have a pair of small antennae on your
                  | head. [demonic ancestry]
   458 | D:1      | Reached XP level 2. HP: 24/24 MP: 2/2
  1025 | D:1      | Gained mutation: You may rarely emit foul miasma when
                  | damaged in melee. [demonic ancestry]
  1025 | D:1      | Reached XP level 3. HP: 29/29 MP: 3/3
  1648 | D:2      | Noticed Robin
  1667 | D:2      | Killed Robin
  1667 | D:2      | Reached ** piety under Trog
  1668 | D:2      | Gained mutation: You are partially covered in icy blue
                  | scales. (AC +2) [demonic ancestry]
  1668 | D:2      | Reached XP level 4. HP: 21/35 MP: 4/4
  2485 | D:3      | Found a stormy altar of Qazlal.
  2900 | D:3      | Found a burning altar of Makhleb.
  2902 | D:3      | Found an iron altar of Okawaru.
  2995 | D:3      | Reached XP level 5. HP: 42/42 MP: 5/5
  3670 | D:3      | HP: 2/63 [kobold brigand (3)]
  3671 | D:3      | Slain by a kobold brigand

Illustrated notes

Levels and vault maps discovered:
D:1:      dpeg_arrival_shelter, layout_basic, serial_bayou_pond_b
D:2:      layout_loops_ring, item_on_display_b, uniq_robin
D:3:      minmay_goblin_kobold_castle, layout_loops_cross, minitemple

Skill      XL: |  1  2  3  4  5 |
---------------+----------------+-----
Polearms       | 3 4 |  4.6
Armour         | 2 3 |  3.0
Fighting       | 4 |  4.0
Dodging        | |  1.7

Action                   |  1- 3 |  4- 6 || total
-------------------------+-------+-------++-------
Melee: Spear             |   113 |   154 ||   267
       Punch             |     1 |     1 ||     2
Invok: Berserk           |     6 |     5 ||    11
       Trog's Hand       |       |     1 ||     1
Armor: Animal skin       |     4 |       ||     4
       Ring mail         |    26 |    38 ||    64
Dodge: Dodged            |    48 |   107 ||   155

Table legend: (Time is in decaauts)
 A = Elapsed time spent in this place.
 B = Non-inter-level travel time spent in this place.
 C = Inter-level travel time spent in this place.
 D = Time resting spent in this place.
 E = Time spent auto-exploring this place.
 F = Levels seen in this place.
 G = Mean time per level.
                   A        B        C        D        E       F      G
               +--------+--------+--------+--------+--------+-----+--------+
         Total |   3744 |   3707 |     37 |    941 |   1655 |   3 | 1248.0 |
       Dungeon |   3744 |   3707 |     37 |    941 |   1655 |   3 | 1248.0 |
               +--------+--------+--------+--------+--------+-----+--------+

Top non-repeatable levels by time:
     D:2: 1361 daAuts
     D:1: 1306 daAuts
     D:3: 1076 daAuts
